 Dungeon Crawl Stone Soup version 0.30.0-5-g1a98f26d00 (webtiles) character file.

Game seed: 12454610709181677055

26 jasper the Trooper (level 2, 0/23 (24) HPs)
             Began as a Demonspawn Reaver on May 8, 2023.
             Slain by an adder (1 damage)
             ... on level 2 of the Dungeon.
             The game lasted 00:01:06 (784 turns).

jasper the Trooper (Demonspawn Reaver)               Turns: 784, Time: 00:01:06

HP:   0/23 (24)     AC:  3    Str: 12    XL:     2   Next: 89%
MP:   5/5           EV: 11    Int: 14    God:
Gold: 43            SH:  0    Dex: 11    Spells: 4/5 levels left

rFire   . . .        a - +0 mace
rCold   . . .        (no shield)
rNeg    . . .        b - +0 leather armour
rPois   .            (no helmet)
rElec   .            (no cloak)
rCorr   .            (no gloves)
SInv    .            (no boots)
Will    .....        (no amulet)
Stlth   +            (no ring)
HPRegen 0.23/turn    (no ring)
MPRegen 0.09/turn

%: no passive effects
@: lethally poisoned (0 -> -4), lightly drained
A: claws 1
a: no special abilities


You were on level 2 of the Dungeon.
You visited 1 branch of the dungeon, and saw 2 of its levels.

You collected 43 gold pieces.

Inventory:

Hand Weapons
 a - a +0 mace (weapon)
Missiles
 f - 18 stones
Armour
 b - a +0 leather armour (worn)
 k - a +0 kite shield
Scrolls
 d - 2 scrolls of identify {unknown}
 e - 2 scrolls of fear {unknown}
 g - a scroll of noise {unknown}
 j - a scroll of teleportation {unknown}
Potions
 c - a potion of brilliance {unknown}
 h - 2 potions of curing {unknown}
 i - a potion of ambrosia {unknown}


   Skills:
 + Level 3.4 Fighting
 - Level 2.6 Maces & Flails
 - Level 1.7 Dodging
 - Level 2.0 Spellcasting
 - Level 3.0 Conjurations


You had 4 spell levels left.
You knew the following spells:

 Your Spells              Type           Power      Damage    Failure   Level
a - Kiss of Death         Conj/Necr      20%        2d7       16%         1

Your spell library contained the following spells:

 Spells                   Type           Power      Damage    Failure   Level
 Momentum Strike          Conj/Tloc      10%        3d8       24%         2
 Hailstorm                Conj/Ice       5%         3d4       43%         3


Dungeon Overview and Level Annotations

Branches:
Dungeon (2/15)

Altars:


Innate Abilities, Weirdness & Mutations

You have sharp fingernails.


Message History

The rat closely misses you.
The adder hisses angrily.
The rat closely misses you. The rat bites you.
You take 2 damage, and have 18/23 hp.
The rat bites you.
You take 2 damage, and have 16/23 hp.
You barely miss the rat. The rat barely misses you.
You hit the rat.
The rat is moderately wounded.
The rat bites you.
You take 1 damage, and have 16/23 hp.
You hit the rat.
You kill the rat!
The adder bites you.
You are poisoned.
The adder poisons you!
You take 1 damage, and have 15/23 hp.
You hit the adder.
The adder is heavily wounded.
You feel sick. The adder bites you. The adder bites you but does no damage.
You take 3 damage, and have 12/23 hp.
You miss the adder.
The adder is heavily wounded.
You feel sick. The adder bites you.
You take 4 damage, and have 8/23 hp.
You hit the adder.
The adder is almost dead.
You feel sick. The adder bites you but does no damage. The adder bites you.
* * * LOW HITPOINT WARNING * * *
You are lethally poisoned!
The adder poisons you!
You take 4 damage, and have 4/23 hp.
You barely miss the adder.
The adder is almost dead.
* * * LOW HITPOINT WARNING * * *
You feel sick. The adder bites you.
* * * LOW HITPOINT WARNING * * *
The adder bites you.
You die...

#.....#...# #..#
#.#..####.# #..#
##.......... #..#
#......[.... #..#
##...........
#..#
#..##.#.#####
#..###.###.#...
#..#...#........
#@$......######..
#S##....#.... ..
#....#..# .♣♣
#..##...# #..#
..## ....# #..#
#.###.# ..# # #..
#.# #..# .#


You could see an adder.

Vanquished Creatures
  An adder (D:2)
  2 endoplasms (D:1)
  2 goblins (D:2)
  4 hobgoblins
  A kobold (D:1)
  2 ball pythons
  3 bats (D:1)
  A frilled lizard (D:1)
  A rat (D:2)
17 creatures vanquished.

Notes
Turn   | Place    | Note
-------+----------+-------------------------------------------
     0 | D:1      | jasper the Demonspawn Reaver began the quest for the Orb.
     0 | D:1      | Reached XP level 1. HP: 16/16 MP: 3/3
   240 | D:1      | Gained mutation: You have sharp fingernails. [demonic
                  | ancestry]
   240 | D:1      | Reached XP level 2. HP: 16/23 MP: 5/5
   784 | D:2      | HP: 1/23 [adder (2)]
   784 | D:2      | Slain by an adder

Illustrated notes

Levels and vault maps discovered:
D:1:      matt_arrival_grand_opening, layout_rooms
D:2:      layout_rooms, basic_altar, serial_forest,
          infiniplex_forest_lined_corner, infiniplex_forest_clump_double,
          infiniplex_forest_end_2, infiniplex_forest_clump_cross,
          infiniplex_forest_straight_1, infiniplex_forest_corner_2,
          infiniplex_forest_split

Skill      XL: |  1  2 |
---------------+-------+-----
Fighting       | 3 |  3.4
Maces & Flails | |  2.6
Dodging        | |  1.7
Spellcasting   | |  2.0
Conjurations   | |  3.0

Action                     || total
---------------------------++-------
  Melee: Mace              ||    58
   Cast: Kiss of Death     ||     1
 Armour: Leather armour    ||    17
  Dodge: Dodged            ||    37
